 Dungeon Crawl Stone Soup version 0.28.0-45-g0d030f2227 (webtiles) character file.

Game seed: 11152923072817369108

217 Ablot the Cutter (level 5, -3/47 HPs)
             Began as a Gnoll Chaos Knight on Apr 16, 2022.
             Was a Plaything of Xom.
             Slain by Blork the orc
             ... wielding a +0 battleaxe
              (12 damage)
             ... on level 4 of the Dungeon.
             The game lasted 00:03:38 (3371 turns).

Ablot the Cutter (Gnoll Chaos Knight)               Turns: 3371, Time: 00:03:39

Health: -3/47      AC:  6    Str: 13    XL:     5   Next: 94%
Magic:  7/7        EV: 12    Int: 12    God:    Xom [...*..]
Gold:   91         SH:  0    Dex: 11    Spells: 7/7 levels left

rFire   . . .      SeeInvis .   a - +0 short sword (chaos)
rCold   . . .      Faith    .   (no shield)
rNeg    . . .      Spirit   .   b - +2 leather armour
rPois   .          Reflect  .   (no helmet)
rElec   .          Harm     .   h - +0 cloak
rCorr   .          Rampage  .   (no gloves)
Will    .....                   (no boots)
Stlth   +.........              (no amulet)
HPRegen 0.15/turn               (no ring)
MPRegen 0.10/turn               (no ring)

@: no status effects
A: fangs 1, strong nose, distributed training
a: Renounce Religion


You were on level 4 of the Dungeon.
You worshipped Xom.
You were a favourite toy of Xom.
You visited 1 branch of the dungeon, and saw 4 of its levels.

You collected 91 gold pieces.

Inventory:

Hand Weapons
 a - a +0 short sword of chaos (weapon)
Missiles
 g - 79 stones (quivered)
 j - 26 arrows
 l - 4 poisoned darts
 s - 7 sling bullets
Armour
 b - a +2 leather armour (worn)
 h - a +0 cloak (worn)
 r - the +0 buckler "Wolot" {rC+}
   (You found it on level 4 of the Dungeon)

   rC:        It protects you from cold.
Scrolls
 c - a scroll of silence {unknown}
 d - a scroll of brand weapon {unknown}
 k - 3 scrolls of immolation {unknown}
 o - a scroll of fear {unknown}
 p - a scroll of noise {unknown}
 q - a scroll of identify {unknown}
Potions
 e - a potion of mutation {unknown}
 f - a potion of haste {unknown}
 i - a potion of brilliance {unknown}
 m - a potion of resistance {unknown}
 n - a potion of heal wounds {unknown}


   Skills:
 + Level 6.7 Fighting
 + Level 6.7 Short Blades
 + Level 1.7 Long Blades
 + Level 1.7 Axes
 + Level 1.7 Maces & Flails
 + Level 1.7 Polearms
 + Level 1.7 Staves
 + Level 1.7 Slings
 + Level 1.7 Bows
 + Level 1.7 Crossbows
 + Level 1.7 Throwing
 + Level 4.9 Armour
 + Level 3.1 Dodging
 + Level 1.7 Stealth
 + Level 1.7 Shields
 + Level 1.7 Unarmed Combat
 + Level 1.7 Spellcasting
 + Level 1.3 Conjurations
 + Level 1.3 Hexes
 + Level 1.3 Summonings
 + Level 1.3 Necromancy
 + Level 1.3 Translocations
 + Level 1.3 Transmutations
 + Level 1.3 Fire Magic
 + Level 1.3 Ice Magic
 + Level 1.3 Air Magic
 + Level 1.3 Earth Magic
 + Level 1.3 Poison Magic
 + Level 1.9 Invocations
 + Level 1.7 Evocations


You had 7 spell levels left.
You didn't know any spells.
Your spell library contained the following spells:

 Spells                   Type           Power      Damage    Failure   Level
 Petrify                  Tmut/Erth      4%         N/A       89%         4
 Metabolic Englaciation   Hex/Ice        2%         N/A       99%         5
 Statue Form              Tmut/Erth      2%         N/A       100%        6


Dungeon Overview and Level Annotations

Branches:
Dungeon (4/15)
 Temple: D:4-7

Altars:
Ashenzari
Kikubaaqudgha
Makhleb
Qazlal

Annotations:
D:4 Blork the orc


Innate Abilities, Weirdness & Mutations

You have very sharp teeth.
Your uncanny sense of smell can sniff out nearby items.
Your experience applies equally to all skills.


Message History

No target in view!
No target in view!
No target in view!
Things that are here:
a +0 whip; a kobold corpse
s - 7 sling bullets
g - 79 stones (gained 11)
Found a stone staircase leading down.
Blork the orc comes into view.
He is wielding a +0 battleaxe.
Found 14 gold pieces.
Blork the orc shouts!
Blork the orc misses you.
You completely miss Blork the orc.
Blork the orc points at you and mumbles some strange words.
The puff of frost hits you.
You hit Blork the orc.
Space warps around Blork the orc.
Blork the orc is lightly wounded.
Blork the orc closely misses you.
You hit Blork the orc. You freeze Blork the orc.
Blork the orc is moderately wounded.
You hit Blork the orc but do no damage.
Blork the orc is poisoned.
Blork the orc is moderately wounded.
Blork the orc barely misses you.
You hit Blork the orc.
Blork the orc flickers and vanishes!
Deactivating autopickup; reactivate with Ctrl-A.
Something hits you!
No target in view!
No target in view!
You completely miss something. Your punch misses something.
Your bite misses something. You closely miss something.
Something hits you but does no damage.
You closely miss something.
You hear some strange, mumbled words.
A puff of flame appears from out of thin air!
The puff of flame hits you!
You hit something. You burn something. You punch something. Something hits you!
* * * LOW HITPOINT WARNING * * *
You hit something. You hit something. You bite something. Something hits you!
You die...

### #.# #.# #$# #.##
#.. #{# #@# #.#
######.#########
................>
#########.#########
.................
#######.#########
#............
.#######.##.########


There were no monsters in sight!

Vanquished Creatures
  A howler monkey (D:1)
  An iguana (D:4)
  4 gnolls
  3 adders
  A white imp (D:3)
  A worm (D:2)
  3 dart slugs (D:3)
  9 endoplasms
  A giant cockroach (D:2)
  7 goblins
  8 hobgoblins
  8 jackals
  5 kobolds
  4 quokkas (D:1)
  7 ball pythons
  A bat (D:2)
  5 frilled lizards
  6 rats
75 creatures vanquished.

Vanquished Creatures (others)
  4 plants
4 creatures vanquished.

Grand Total: 79 creatures vanquished

Notes
Turn   | Place    | Note
-------+----------+-------------------------------------------
     0 | D:1      | Ablot the Gnoll Chaos Knight began the quest for the Orb.
     0 | D:1      | Reached XP level 1. HP: 23/23 MP: 1/1
    96 | D:1      | XOM: silly message
   146 | D:1      | Reached XP level 2. HP: 25/29 MP: 2/2
   187 | D:1      | XOM: silly message
   280 | D:1      | Noticed a howler monkey
   280 | D:1      | a rat changed into a howler monkey
   280 | D:1      | XOM: polymorph rat -> howler monkey
   280 | D:1      | XOM: smoke on damage
   281 | D:1      | XOM: enchant monster (bad)
   287 | D:1      | Killed a howler monkey
   288 | D:1      | Reached skill level 1 in Long Blades
   288 | D:1      | Reached skill level 1 in Axes
   288 | D:1      | Reached skill level 1 in Maces & Flails
   288 | D:1      | Reached skill level 1 in Polearms
   288 | D:1      | Reached skill level 1 in Staves
   288 | D:1      | Reached skill level 1 in Slings
   288 | D:1      | Reached skill level 1 in Bows
   288 | D:1      | Reached skill level 1 in Crossbows
   288 | D:1      | Reached skill level 1 in Throwing
   288 | D:1      | Reached skill level 1 in Stealth
   288 | D:1      | Reached skill level 1 in Shields
   288 | D:1      | Reached skill level 1 in Unarmed Combat
   288 | D:1      | Reached skill level 1 in Spellcasting
   288 | D:1      | Reached skill level 1 in Invocations
   288 | D:1      | Reached skill level 1 in Evocations
   288 | D:1      | Reached XP level 3. HP: 9/35 MP: 2/4
   506 | D:1      | XOM: god gift: scroll labelled VISHRA MAOV {god gift}
   581 | D:1      | Found a faded altar of an unknown god.
   657 | D:1      | Reached XP level 4. HP: 41/41 MP: 5/5
   716 | D:1      | XOM: 4-stop teleportation journey
  2261 | D:2      | Reached skill level 1 in Conjurations
  2261 | D:2      | Reached skill level 1 in Hexes
  2261 | D:2      | Reached skill level 1 in Summonings
  2261 | D:2      | Reached skill level 1 in Necromancy
  2261 | D:2      | Reached skill level 1 in Translocations
  2261 | D:2      | Reached skill level 1 in Transmutations
  2261 | D:2      | Reached skill level 1 in Fire Magic
  2261 | D:2      | Reached skill level 1 in Ice Magic
  2261 | D:2      | Reached skill level 1 in Air Magic
  2261 | D:2      | Reached skill level 1 in Earth Magic
  2261 | D:2      | Reached skill level 1 in Poison Magic
  2440 | D:3      | Reached XP level 5. HP: 29/47 MP: 5/7
  2615 | D:3      | Found an ancient bone altar of Kikubaaqudgha.
  2711 | D:3      | Found a stormy altar of Qazlal.
  2758 | D:3      | XOM: enchant monster (bad)
  2962 | D:3      | XOM: noise
  3122 | D:3      | XOM: polymorph giant cockroach -> dart slug
  3153 | D:4      | Found a broken altar of Ashenzari.
  3154 | D:4      | Found a burning altar of Makhleb.
  3276 | D:4      | XOM: potion effect (curing)
  3283 | D:4      | XOM: silly message
  3322 | D:4      | Identified the +0 buckler "Wolot" {rC+}
  3357 | D:4      | Noticed Blork the orc
  3371 | D:4      | Slain by Blork the orc

Illustrated notes

Levels and vault maps discovered:
D:1:      evilmike_arrival_plus, layout_basic, ebering_ecumenical_altar_webs,
          kennysheep_boxes
D:2:      layout_basic, serial_bayou, serial_bayou_shore_b, serial_bayou_ford_a,
          serial_bayou_pond_b, serial_bayou_pond_c
D:3:      layout_rooms, general_overflow_altar, lemuel_round_altar, st_stairs_5,
          minivault_25
D:4:      layout_basic, mainiacjoe_overflow_divided_tiny, amcnicky_altar_gilded,
          minmay_temple_entry_enclosed_plants, uniq_blork_the_orc, uniq_natasha

Skill      XL: |  1  2  3  4  5 |
---------------+----------------+-----
Long Blades    | 1 |  1.7
Axes           | 1 |  1.7
Maces & Flails | 1 |  1.7
Polearms       | 1 |  1.7
Staves         | 1 |  1.7
Slings         | 1 |  1.7
Bows           | 1 |  1.7
Crossbows      | 1 |  1.7
Throwing       | 1 |  1.7
Stealth        | 1 |  1.7
Shields        | 1 |  1.7
Unarmed Combat | 1 |  1.7
Spellcasting   | 1 |  1.7
Invocations    | 1 |  1.9
Evocations     | 1 |  1.7
Conjurations   | 1 |  1.3
Hexes          | 1 |  1.3
Summonings     | 1 |  1.3
Necromancy     | 1 |  1.3
Translocations | 1 |  1.3
Transmutations | 1 |  1.3
Fire Magic     | 1 |  1.3
Ice Magic      | 1 |  1.3
Air Magic      | 1 |  1.3
Earth Magic    | 1 |  1.3
Poison Magic   | 1 |  1.3
Dodging        | 3 |  3.1
Fighting       | |  6.7
Short Blades   | |  6.7
Armour         | |  4.9

Action                   |  1- 3 |  4- 6 || total
-------------------------+-------+-------++-------
Melee: Short sword       |    42 |   179 ||   221
       Bite              |     1 |    16 ||    17
       Punch             |     2 |     3 ||     5
 Stab: Sleeping          |     1 |     3 ||     4
       Paralysed         |       |     1 ||     1
Armor: Leather armour    |    10 |    59 ||    69
Dodge: Dodged            |    14 |   126 ||   140
